AoeStats
← ALG1S

Arena

509926732Analyzed
3v3 RM · 3d ago on Sep 28, 2026· 68m 36s· 6 players
Game mode
Random Map
Map size
Normal (6 player)
Population
200
Speed
Normal
Resources
Standard
Victory
Conquest
Starting age
Dark Age
Ending age
Imperial Age
RankedLock teamsTeams togetherTeam positionsShared explorationLock speedFull tech treeHidden civsTurbo modeCheats
Victory
Defeat
1277
+14
🇬🇧 Lithuanians · United Kingdom
1249
+15
🇺🇸 Wei · United States
1197
+18
🇵🇱 Malians · Poland
1242
-16
🇵🇱 Varangians · Poland
1231
-16
🇵🇱 Khmer · Poland
1208
-15
boluwatifeajibade
9:54 Feudal Age
13:54 Castle Age
12:14 Horse Collar
13:58 Double-Bit Axe
15:03 Bow Saw
18:47 Heavy Plow
20:14 Loom
22:39 Wheelbarrow
22:07 Gold Mining
22:08 Stone Mining
26:05 Stone Shaft Mining
25:39 Scale Barding Armor
25:46 Bloodlines
25:37 Husbandry
26:50 Chain Barding Armor
29:21 Imperial Age
27:39 Chain Barding Armor
28:22 Forging
29:06 Husbandry
29:47 Iron Casting
30:45 Plate Barding Armor
31:15 Conscription
30:52 Elite Leitis
38:59 Scale Mail Armor
39:00 Pikeman
39:40 Squires
39:26 Arson
41:31 Fletching
42:03 Ballistics
42:44 Chemistry
41:55 Masonry
41:53 Elite Skirmisher
42:39 Thumb Ring
42:36 Tower Shields
42:35 Bodkin Arrow
43:17 Bracer
45:14 Padded Archer Armor
45:46 Architecture
46:29 Leather Archer Armor
53:08 Ring Archer Armor
67:08 Light Cavalry
68:06 Chain Mail Armor
67:54 Winged Hussar
boom n type gg noob team
9:06 Feudal Age
8:58 Double-Bit Axe
8:55 Horse Collar
17:29 Castle Age
15:49 Stone Mining
17:17 Bow Saw
17:09 Heavy Plow
23:54 Gold Mining
26:15 Gold Shaft Mining
27:04 Wheelbarrow
26:38 Fletching
27:56 Squires
30:43 Imperial Age
27:59 Loom
28:03 Pikeman
29:47 Forging
29:48 Bodkin Arrow
30:06 Onager
30:59 Bracer
31:51 Hand Cart
32:10 Siege Engineers
32:51 Conscription
31:55 Halberdier
32:54 Forging
32:59 Masonry
33:19 Ballistics
36:25 Arson
37:16 Iron Casting
36:28 Treadmill Crane
36:43 Murder Holes
38:07 Forced Levy
39:45 Blast Furnace
40:21 Chemistry
42:30 Scale Barding Armor
42:40 Man-at-Arms
43:21 Padded Archer Armor
43:44 Bombard Tower
43:42 Long Swordsman
44:53 Two-Handed Swordsman
shampoop
8:43 Feudal Age
9:21 Double-Bit Axe
9:17 Horse Collar
10:12 Gold Mining
10:43 Stone Mining
12:38 Wheelbarrow
17:11 Castle Age
18:06 Bow Saw
17:57 Heavy Plow
18:35 Gold Shaft Mining
18:38 Loom
20:23 Forging
20:19 Scale Barding Armor
22:10 Iron Casting
24:58 Chain Barding Armor
29:04 Bloodlines
28:58 Husbandry
32:27 Imperial Age
33:31 Conscription
34:14 Blast Furnace
34:15 Ming Guang Armor
38:21 Fletching
38:32 Padded Archer Armor
40:22 Bodkin Arrow
40:44 Leather Archer Armor
kswistek
5:15 Loom
12:24 Feudal Age
16:28 Castle Age
15:00 Double-Bit Axe
15:37 Horse Collar
23:26 Bow Saw
26:19 Forging
26:15 Scale Barding Armor
30:36 Imperial Age
30:15 Chain Barding Armor
30:31 Iron Casting
31:28 Husbandry
30:49 Light Cavalry
31:40 Bloodlines
32:55 Wheelbarrow
32:26 Heavy Plow
32:28 Heavy Camel Rider
37:43 Farimba
38:04 Conscription
41:42 Tigui
ALG1S
5:17 Loom
10:42 Feudal Age
11:39 Double-Bit Axe
14:25 Castle Age
12:08 Horse Collar
15:10 Wheelbarrow
15:31 Bow Saw
20:01 Town Watch
26:45 Hand Cart
29:49 Imperial Age
27:21 Scale Mail Armor
27:32 Forging
27:42 Fletching
27:54 Murder Holes
29:01 Masonry
30:28 Chain Mail Armor
30:49 Iron Casting
30:00 Gambesons
30:16 Squires
30:03 Arson
30:03 Pikeman
32:02 Plate Mail Armor
32:16 Fortified Wall
32:52 Conscription
32:38 Bodkin Arrow
32:48 Gold Mining
34:59 Blast Furnace
33:26 Elite Varangian Guard
34:50 Siege Engineers
34:43 Halberdier
38:15 Architecture
38:07 Gothikon
43:37 Bracer
43:37 Padded Archer Armor
45:07 Ballistics
45:48 Chemistry
44:26 Capped Ram
45:14 Stone Mining
45:37 Siege Ram
48:23 Heavy Scorpion
lukg
10:49 Feudal Age
13:56 Castle Age
12:30 Double-Bit Axe
12:38 Horse Collar
15:12 Bow Saw
14:57 Town Watch
15:49 Heavy Plow
23:20 Loom
24:11 Wheelbarrow
27:03 Gold Mining
29:18 Fletching
30:09 Hand Cart
32:54 Imperial Age
32:00 Scale Barding Armor
32:06 Forging
32:52 Bloodlines
32:42 Husbandry
32:03 Light Cavalry
33:08 Chain Barding Armor
34:52 Chemistry
33:59 Siege Engineers
34:23 Ballistics
65:05 Capped Ram
66:03 Siege Ram
Connection lost

Rejoining the realm…

Still unreachable

The connection could not be restored.

Session expired

The server has moved on; the page needs a fresh start.